 Dungeon Crawl Stone Soup version 0.31-a0-596-g831eee08f1 (webtiles) character file.

Game seed: 18278038674911650521

11 thirtiethelement the Firebug (level 2, -1/24 HPs)
             Began as a Demonspawn Cinder Acolyte on Aug 21, 2023.
             Was a High Priest of Ignis.
             Succumbed to a kobold's poison
             ... on level 1 of the Dungeon.
             The game lasted 00:00:45 (146 turns).

thirtiethelement the Firebug (DsCA)                  Turns: 146, Time: 00:00:45

Health: -1/24      AC:  4    Str: 14    XL:     2   Next: 13%
Magic:  3/3        EV: 11    Int: 15    God:    Ignis [*****.]
Gold:   55         SH:  0    Dex:  8    Spells: 3/3 levels left

rFire   + . .        a - -1 hand axe (flame)
rCold   . . .        (no shield)
rNeg    . . .        b - +0 robe
rPois   .            (no helmet)
rElec   .            (no cloak)
rCorr   .            (no gloves)
SInv    .            (no boots)
Will    .....        (no amulet)
Stlth   +            (no ring)
HPRegen 0.24/turn    (no ring)
MPRegen 0.08/turn

%: no passive effects
@: lethally poisoned (-1 -> -13)
A: thin metallic scales 1
a: Renounce Religion, Fiery Armour, Foxfire Swarm, Rising Flame


You were on level 1 of the Dungeon.
You worshipped Ignis.
Ignis was extremely pleased with you.
You visited 1 branch of the dungeon, and saw 1 of its levels.

You collected 55 gold pieces.

Inventory:

Hand Weapons
 a - a -1 hand axe of flaming (weapon)
Armour
 b - a +0 robe (worn)
Talismans
 d - a beast talisman
Scrolls
 c - a scroll of identify {unknown}


   Skills:
 + Level 3.0 Fighting
 + Level 2.8 Axes
 + Level 1.0 Spellcasting
 + Level 3.1 Fire Magic


You had 3 spell levels left.
You didn't know any spells.
Your spell library contained the following spells:

 Spells                   Type           Power      Damage    Failure   Level
 Scorch                   Fire           20%        2d5       11%         2
 Lesser Beckoning         Tloc           0%         N/A       36%         2
 Gell's Gravitas          Tloc           0%         N/A       58%         3
 Teleport Other           Tloc           0%         N/A       58%         3


Dungeon Overview and Level Annotations

Branches:
Dungeon (1/15)

Altars:


Innate Abilities, Weirdness & Mutations

You are partially covered in thin metallic scales. (AC +2)


Message History

Your demonic ancestry asserts itself...
Thin metallic scales grow over part of your body.
You barely miss the kobold. The kobold barely misses you.
The kobold hits you with a +0 short sword.
You barely miss the kobold. You barely miss the endoplasm.
The kobold closely misses you. The endoplasm hits you.
You closely miss the kobold. You hit the endoplasm. You burn the endoplasm.
The kobold closely misses you. The endoplasm freezes you.
You are frozen.
You miss the kobold. You hit the endoplasm. You burn the endoplasm.
The endoplasm hits you but does no damage.
You barely miss the kobold. You barely miss the endoplasm.
The endoplasm closely misses you. The kobold barely misses you.
You hit the kobold but do no damage. You barely miss the kobold.
You hit the endoplasm. You burn the endoplasm.
You kill the endoplasm!
The kobold closely misses you. The kobold misses you.
You closely miss the kobold. You miss the kobold.
The kobold hits you with a +0 whip of venom.
You are poisoned.
The kobold closely misses you. x2; The kobold hits you but does no damage.
You are more poisoned.
You closely miss the kobold. You hit the kobold. You burn the kobold.
You feel very sick.
The kobold hits you with a +0 whip of venom.
You are lethally poisoned!
The kobold misses you.
You hit the kobold. You burn the kobold.
You kill the kobold!
You hit the kobold but do no damage.
* * * LOW HITPOINT WARNING * * *
You feel very sick. The kobold closely misses you.
You hit the kobold but do no damage.
* * * LOW HITPOINT WARNING * * *
You feel very sick. The kobold hits you but does no damage.
You barely miss the kobold.
You die...

###### ..#.... .....#
.#... .....# .....
.....##### ...
......(..# ...
.........#######.#######
.........+....##)......#
.........P..P.##@K##
...P....~.P..P##...#
##.P...~~♣~~..P..†)#
##..P.P~~~~♣♣♣..P..#
##..♣..~~~~~~~.....#
#...P..~~♣~~♣.....#
#......†.~..P..#..#
#.....♣..♣P.........
#####.##....##.####.#


You could see a kobold.

Vanquished Creatures
  2 ball pythons (D:1)
  An endoplasm (D:1)
  A hobgoblin (D:1)
  3 kobolds (D:1)
  2 bats (D:1)
9 creatures vanquished.

Notes
Turn   | Place    | Note
-------+----------+-------------------------------------------
     0 | D:1      | thirtiethelement the Demonspawn Cinder Acolyte began the
                  | quest for the Orb.
     0 | D:1      | Reached XP level 1. HP: 18/18 MP: 2/2
   135 | D:1      | Gained mutation: You are partially covered in thin metallic
                  | scales. (AC +2) [demonic ancestry]
   135 | D:1      | Reached XP level 2. HP: 23/24 MP: 3/3
   146 | D:1      | Succumbed to a kobold's poison

Illustrated notes

Levels and vault maps discovered:
D:1:      ncdulo_halloftheorcs, layout_basic, ebering_ecumenical_altar_hall,
          serial_bayou_pond_a

Skill      XL: |  1 |
---------------+----+-----
Fire Magic     | 3 |  3.1
Fighting       | |  3.0
Axes           | |  2.8
Spellcasting   | |  1.0

Action                     || total
---------------------------++-------
  Melee: Hand axe          ||    24
 Armour: Robe              ||     9
  Dodge: Dodged            ||    25

Table legend: (Time is in decaauts)
 A = Elapsed time spent in this place.
 B = Non-inter-level travel time spent in this place.
 C = Inter-level travel time spent in this place.
 D = Time resting spent in this place.
 E = Time spent auto-exploring this place.
 F = Levels seen in this place.
 G = Mean time per level.
                   A        B        C        D        E       F      G
               +--------+--------+--------+--------+--------+-----+--------+
         Total |    151 |    151 |      0 |      0 |     90 |   1 |  151.0 |
       Dungeon |    151 |    151 |      0 |      0 |     90 |   1 |  151.0 |
               +--------+--------+--------+--------+--------+-----+--------+

Top non-repeatable levels by time:
     D:1: 151 daAuts
